Flames vs Bruins

Created - 20 janvier 2022 at 16:09

Goals
1 2 3 T
Flames 2 3 0 5
Bruins 1 4 2 7
Shots
1 2 3 T
Flames 13 14 14 41
Bruins 13 11 10 34

GoalsPenalties
1st period
1. Bruins , Kirby Dach 11 (Bryan Little 21, Nick Schmaltz 10) at 6:44
2. Flames , Cam Atkinson 12 (Christopher Tanev 21, Anze Kopitar 17) at 7:09
3. Flames , Noah Hanifin 4 (Mark Stone 27, Max Pacioretty 16) at 9:14 (PP)
Christopher Tanev (CAL) for Hooking (Minor) at 2:59
Mattias Ekholm (BOS) for Roughing (Minor) at 7:52
2nd period
4. Flames , Elias Lindholm 17 (Mark Stone 28, Marco Scandella 10) at 2:42
5. Flames , Mark Stone 22 (Christopher Tanev 22, Elias Lindholm 31) at 4:39
6. Bruins , Josh Norris 13 (Bryan Little 22, Carter Verhaeghe 18) at 5:57 (PP)
7. Bruins , Nick Schmaltz 11 (Kirby Dach 12, Bryan Little 23) at 7:53
8. Bruins , Josh Norris 14 (Evan Bouchard 16) at 9:23
9. Flames , Evander Kane 11 (Rasmus Andersson 8, Mikael Backlund 20) at 12:03
10. Bruins , Nico Hischier 20 (Brenden Dillon 16, Mattias Ekholm 26) at 17:59
Rasmus Andersson (CAL) for Hooking (Minor) at 4:44
3rd period
11. Bruins , Josh Norris 15 (Bryan Little 24, Haydn Fleury 17) at 1:31 (PP)
12. Bruins , Bryan Little 14 (Mario Ferraro 9) at 19:39 (SH) (Empty Net)
Evander Kane (CAL) for Holding Stick (Minor) at 0:19
Brenden Dillon (BOS) for Hooking (Minor) at 5:43
Jake McCabe (CAL) for Holding (Minor) at 12:53
Patrick Marleau (BOS) for Holding (Minor) at 18:31
Goalie Stats
Corey Crawford (CAL), 27 saves from 33 shots - (0,818), L, 5-3-0, 59:21 minutes
Jack Campbell (BOS), 12 saves from 15 shots - (0,800), 22:42 minutes
Alexandar Georgiev (BOS), 24 saves from 26 shots - (0,923), W, 5-2-2, 37:18 minutes
3 StarsOfficial
1 - Bryan Little (BOS)
2 - Josh Norris (BOS)
3 - Kirby Dach (BOS)
Referees : Dan O'Rourke and Wes McCauley
Linesman : Trent Knorr and Darren Gibbs
Game Note
Alexandar Georgiev enters game at 2:42 of 2nd period
Josh Norris has scored a Hat Trick!
Bryan Little has scored in a empty net!



Team Name Goals Shots Shots Attemp Shots Blocked PIM HIT PP PK FO%
Flames 5416878161 / 3 (33%)251%
Bruins 73476116202 / 4 (50%)149%

Flames
Player Name POS G A P +/- PIM HIT SHT SB MP PP MP PP SHT PK MP PK SHT FO% FOT
Andrew MangiapaneLW/RW000-100106:412:3100:0100% 0
Anze KopitarC0110002017:412:3100:36052% 23
Ben ChiarotD000-1011021:102:1802:3300% 0
Cam AtkinsonLW/RW1011002014:340:0000:0000% 1
Christopher TanevD022-1210319:060:0002:4900% 0
Elias LindholmC/RW112-1014016:160:0001:50041% 17
Evander KaneLW/RW1010205015:380:0000:0000% 0
Jake McCabeD000-2260022:332:1802:4300% 0
Kevin RooneyC/LW000001008:060:0003:57040% 5
Marco ScandellaD0110001318:540:0002:2800% 0
Mark StoneRW123-1004021:162:1804:3200% 0
Matthew TkachukLW/RW0000045017:052:3110:0000% 2
Max PaciorettyLW0110007017:572:1810:000100% 2
Mikael BacklundC/RW0110001017:572:1810:00054% 35
Noah HanifinD1011002020:072:3122:0600% 0
Paul StastnyC/LW000000104:090:0000:00057% 7
Rasmus AnderssonD0111223118:072:3130:0700% 0
Ryan Nugent-HopkinsC/LW000-1002016:160:0001:500100% 1
Bruins
Player Name POS G A P +/- PIM HIT SHT SB MP PP MP PP SHT PK MP PK SHT FO% FOT
Brenden DillonD0110261020:080:0000:4800% 0
Bryan LittleC/RW1452013115:163:1201:19120% 5
Carter VerhaegheC/LW/RW0110002015:253:1210:0000% 1
Cole CaufieldRW0000002111:423:2110:0000% 0
Dominik KubalikLW/RW000-1023019:072:1610:000100% 2
Evan BouchardD0111000116:090:4601:0000% 0
Haydn FleuryD0111000215:423:2100:0000% 0
Jakub VoracekLW/RW000-1014019:162:2500:000100% 1
Josh NorrisC3030033015:373:1220:12058% 12
Kirby DachC/RW1122002013:280:4601:1900% 0
Mario FerraroD0110030318:380:4602:4800% 0
Matthew NietoLW/RW0000021112:250:4603:1800% 0
Mattias EkholmD0110203125:252:1621:4700% 0
Nick SchmaltzC/RW1121002011:230:0000:00041% 17
Nico HischierC101-1016022:462:2503:30053% 38
Olli MaattaD0000001118:190:0003:1500% 0
Patrick MarleauC/LW/RW000020008:200:0000:00047% 15
Sam ReinhartC/RW0000011016:023:1100:00050% 2

Flames

5 vs 5 Forward
Line #Left WingCenterRight WingPHYDFOFWanted %Time %Time Play
1Max PaciorettyMikael BacklundEvander Kane1223232%15:39
2Ryan Nugent-HopkinsElias LindholmMark Stone1223030%14:26
3Cam AtkinsonAnze KopitarMatthew Tkachuk1222830%14:34
4Kevin RooneyPaul StastnyAndrew Mangiapane122109%4:09
5 vs 5 Defense
Line #DefenseDefensePHYDFOFWanted %Time %Time Play
1Jake McCabeChristopher Tanev1223635%16:59
2Noah HanifinRasmus Andersson1223232%15:30
3Ben ChiarotMarco Scandella1223232%15:45
4Ben ChiarotJake McCabe12201%0:34
Power Play Forward
Line #Left WingCenterRight WingPHYDFOFWanted %Time %Time Play
1Andrew MangiapaneAnze KopitarMatthew Tkachuk0146052%2:31
2Max PaciorettyMikael BacklundMark Stone0144048%2:18
Power Play Defense
Line #DefenseDefensePHYDFOFWanted %Time %Time Play
1Noah HanifinRasmus Andersson0146052%2:31
2Jake McCabeBen Chiarot0144048%2:18
Penalty Kill 4 Players Forward
Line #CenterWingPHYDFOFWanted %Time %Time Play
1Kevin RooneyMark Stone1316071%4:33
2Elias LindholmRyan Nugent-Hopkins1314029%1:50
Penalty Kill 4 Players Defense
Line #DefenseDefensePHYDFOFWanted %Time %Time Play
1Jake McCabeChristopher Tanev1316062%3:56
2Marco ScandellaBen Chiarot1314038%2:27
Penalty Kill 3 Players
Line #WingPHYDFOFWanted %Time %Time PlayDefenseDefensePHYDFOFWanted %Time %Time Play
1Anze Kopitar140500%0:00 Jake McCabeChristopher Tanev140500%0:00
2Elias Lindholm140500%0:00 Marco ScandellaBen Chiarot140500%0:00
4 vs 4 Forward
Line #CenterWingPHYDFOFWanted %Time %Time Play
1Elias LindholmMark Stone122500%0:00
2Anze KopitarMatthew Tkachuk122500%0:00
4 vs 4 Defense
Line #DefensePHYDFOFWanted %Time %Time Play
1Jake McCabeNoah Hanifin122500%0:00
2Marco ScandellaChristopher Tanev122500%0:00
Last Minutes Offensive
Left WingCenterRight WingDefenseDefense
Ryan Nugent-HopkinsElias LindholmMark StoneBen ChiarotChristopher Tanev
Last Minutes Defensive
Left WingCenterRight WingDefenseDefense
Elias LindholmAnze KopitarMark StoneJake McCabeChristopher Tanev
Time
Total ForwardTotal DefenseLast Minutes OffensiveLast Minutes Defensive
60:00 60:00 0:000:00
Extra Forwards
Normal PowerPlayPenalty Kill
Mark Stone, Max Pacioretty, Elias LindholmAnze Kopitar, Elias LindholmAnze Kopitar
Extra Defensemen
Normal PowerPlayPenalty Kill
Christopher Tanev, Jake McCabe, Marco ScandellaJake McCabe, Noah HanifinRasmus Andersson
Penalty Shots
Anze Kopitar, Ryan Nugent-Hopkins, Evander Kane, Max Pacioretty, Elias Lindholm
Goalie
Corey Crawford, Mackenzie Blackwood
Custom OT Lines Forwards
Elias Lindholm, Mark Stone, Ryan Nugent-Hopkins, Anze Kopitar, Matthew Tkachuk, Max Pacioretty, Mikael Backlund, Evander Kane, Paul Stastny, Cam Atkinson
Custom OT Lines Defensemen
Ben Chiarot, Christopher Tanev, Noah Hanifin, Jake McCabe, Marco Scandella
Scratches
Erik Gudbranson (Healthy), Casey DeSmith (Healthy)

Bruins

5 vs 5 Forward
Line #Left WingCenterRight WingPHYDFOFWanted %Time %Time Play
1Dominik KubalikNico HischierJakub Voracek0143235%16:51
2Carter VerhaegheJosh NorrisSam Reinhart0232725%12:13
3Bryan LittleNick SchmaltzKirby Dach0232323%11:23
4Matthew NietoPatrick MarleauCole Caufield1221817%8:21
5 vs 5 Defense
Line #DefenseDefensePHYDFOFWanted %Time %Time Play
1Mattias EkholmBrenden Dillon1314140%19:21
2Olli MaattaMario Ferraro2302731%15:04
3Haydn FleuryEvan Bouchard0232225%12:21
4Mattias EkholmEvan Bouchard014104%2:02
Power Play Forward
Line #Left WingCenterRight WingPHYDFOFWanted %Time %Time Play
1Jakub VoracekNico HischierSam Reinhart0056050%3:11
2Josh NorrisBryan LittleCarter Verhaeghe0054050%3:12
Power Play Defense
Line #DefenseDefensePHYDFOFWanted %Time %Time Play
1Mattias EkholmDominik Kubalik0056036%2:16
2Haydn FleuryCole Caufield0144064%4:07
Penalty Kill 4 Players Forward
Line #CenterWingPHYDFOFWanted %Time %Time Play
1Nico HischierMatthew Nieto0506073%3:30
2Bryan LittleKirby Dach0504027%1:19
Penalty Kill 4 Players Defense
Line #DefenseDefensePHYDFOFWanted %Time %Time Play
1Brenden DillonMattias Ekholm2306058%2:47
2Olli MaattaMario Ferraro0504042%2:02
Penalty Kill 3 Players
Line #WingPHYDFOFWanted %Time %Time PlayDefenseDefensePHYDFOFWanted %Time %Time Play
1Matthew Nieto050500%0:00 Mattias EkholmBrenden Dillon050600%0:00
2Nico Hischier050500%0:00 Olli MaattaMario Ferraro050400%0:00
4 vs 4 Forward
Line #CenterWingPHYDFOFWanted %Time %Time Play
1Nico HischierCarter Verhaeghe023500%0:00
2Dominik KubalikJosh Norris023500%0:00
4 vs 4 Defense
Line #DefensePHYDFOFWanted %Time %Time Play
1Mattias EkholmOlli Maatta032500%0:00
2Mario FerraroBrenden Dillon131500%0:00
Last Minutes Offensive
Left WingCenterRight WingDefenseDefense
Dominik KubalikBryan LittleSam ReinhartMattias EkholmEvan Bouchard
Last Minutes Defensive
Left WingCenterRight WingDefenseDefense
Nico HischierBryan LittleMatthew NietoOlli MaattaBrenden Dillon
Time
Total ForwardTotal DefenseLast Minutes OffensiveLast Minutes Defensive
60:00 60:00 0:000:00
Extra Forwards
Normal PowerPlayPenalty Kill
Nico Hischier, Sam Reinhart, Dominik KubalikNico Hischier, Jakub VoracekJosh Norris
Extra Defensemen
Normal PowerPlayPenalty Kill
Mattias Ekholm, Brenden Dillon, Olli MaattaMario Ferraro, Mattias EkholmOlli Maatta
Penalty Shots
Dominik Kubalik, Jakub Voracek, Sam Reinhart, Nico Hischier, Carter Verhaeghe
Goalie
Jack Campbell, Alexandar Georgiev
Custom OT Lines Forwards
Jakub Voracek, Dominik Kubalik, Nick Schmaltz, Sam Reinhart, Carter Verhaeghe, Josh Norris, Bryan Little, Nico Hischier, Cole Caufield, Kirby Dach
Custom OT Lines Defensemen
Brenden Dillon, Mattias Ekholm, Olli Maatta, Mario Ferraro, Evan Bouchard
Scratches
Evgeny Svechnikov (Healthy), Derek Stepan (Concussion Injury), Jake Virtanen (Healthy)


Play-by-Play

1st period


0:01 of 1st period - Nico Hischier wins face-off versus Mikael Backlund in neutral zone.
0:12 of 1st period - Christopher Tanev is hit by Brenden Dillon and loses puck.
1:47 of 1st period - Shot by Mark Stone.
1:47 of 1st period - Stopped by Jack Campbell without a rebound.
1:48 of 1st period - Anze Kopitar wins face-off versus Patrick Marleau in Bruins zone.
2:05 of 1st period - Matthew Nieto is hit by Matthew Tkachuk and loses puck.
2:18 of 1st period - Shot by Cole Caufield.
2:18 of 1st period - Stopped by Corey Crawford without a rebound.
2:19 of 1st period - Paul Stastny wins face-off versus Nick Schmaltz in Flames zone.
2:21 of 1st period - Christopher Tanev is hit by Bryan Little and loses puck.
2:31 of 1st period - Nick Schmaltz is hit by Jake McCabe and loses puck.
2:59 of 1st period - Minor Penalty to Christopher Tanev for Hooking.
3:00 of 1st period - Nico Hischier wins face-off versus Kevin Rooney in Flames zone.
3:50 of 1st period - Elias Lindholm is hit by Nico Hischier and loses puck.
4:11 of 1st period - Shot by Mattias Ekholm.
4:11 of 1st period - Shot Misses the Net.
4:13 of 1st period - Shot by Mattias Ekholm.
4:13 of 1st period - Stopped by Corey Crawford with a rebound.
4:15 of 1st period - Shot by Bryan Little.
4:15 of 1st period - Shot Misses the Net.
4:17 of 1st period - Shot by Mattias Ekholm.
4:17 of 1st period - Stopped by Corey Crawford with a rebound.
4:19 of 1st period - Shot by Josh Norris.
4:19 of 1st period - Shot Misses the Net.
4:21 of 1st period - Shot by Carter Verhaeghe.
4:21 of 1st period - Stopped by Corey Crawford without a rebound.
4:22 of 1st period - Bryan Little wins face-off versus Elias Lindholm in Flames zone.
4:41 of 1st period - Shot by Dominik Kubalik.
4:41 of 1st period - Stopped by Corey Crawford without a rebound.
4:42 of 1st period - Elias Lindholm wins face-off versus Bryan Little in Flames zone.
4:51 of 1st period - Shot by Mattias Ekholm.
4:51 of 1st period - Shot Misses the Net.
5:01 of 1st period - Off-side.
5:02 of 1st period - Anze Kopitar wins face-off versus Patrick Marleau in neutral zone.
5:02 of 1st period - Matthew Tkachuk is hit by Matthew Nieto and loses puck.
5:19 of 1st period - Shot by Matthew Tkachuk.
5:19 of 1st period - Shot Blocked by Mario Ferraro.
5:21 of 1st period - Shot by Matthew Tkachuk.
5:21 of 1st period - Shot Misses the Net.
5:35 of 1st period - Shot by Matthew Tkachuk.
5:35 of 1st period - Stopped by Jack Campbell without a rebound.
5:36 of 1st period - Elias Lindholm wins face-off versus Sam Reinhart in Bruins zone.
6:20 of 1st period - Shot by Sam Reinhart.
6:20 of 1st period - Stopped by Corey Crawford without a rebound.
6:21 of 1st period - Mikael Backlund wins face-off versus Nico Hischier in Flames zone.
6:42 of 1st period - Icing by Ben Chiarot.
6:43 of 1st period - Nick Schmaltz wins face-off versus Mikael Backlund in Flames zone.
6:44 of 1st period - Shot by Bryan Little.
6:44 of 1st period - Deflect By Kirby Dach.
6:44 of 1st period - Goal by Kirby Dach - Flames : 0 - Bruins : 1.
6:45 of 1st period - Nick Schmaltz wins face-off versus Matthew Tkachuk in neutral zone.
7:07 of 1st period - Shot by Christopher Tanev.
7:07 of 1st period - Shot Misses the Net.
7:09 of 1st period - Shot by Cam Atkinson.
7:09 of 1st period - Goal by Cam Atkinson - Flames : 1 - Bruins : 1.
7:10 of 1st period - Nico Hischier wins face-off versus Mikael Backlund in neutral zone.
7:36 of 1st period - Mikael Backlund is hit by Dominik Kubalik and loses puck.
7:52 of 1st period - Minor Penalty to Mattias Ekholm for Roughing.
7:53 of 1st period - Anze Kopitar wins face-off versus Nico Hischier in Bruins zone.
7:54 of 1st period - Shot by Andrew Mangiapane.
7:54 of 1st period - Shot Misses the Net.
8:22 of 1st period - Shot by Jake McCabe.
8:22 of 1st period - Shot Blocked by Matthew Nieto.
8:52 of 1st period - Shot by Rasmus Andersson.
8:52 of 1st period - Stopped by Jack Campbell with a rebound.
9:00 of 1st period - Shot by Mikael Backlund.
9:00 of 1st period - Stopped by Jack Campbell without a rebound.
9:01 of 1st period - Mikael Backlund wins face-off versus Bryan Little in Bruins zone.
9:01 of 1st period - Mark Stone is hit by Brenden Dillon and loses puck.
9:14 of 1st period - Shot by Noah Hanifin.
9:14 of 1st period - Goal by Noah Hanifin - Flames : 2 - Bruins : 1.
9:15 of 1st period - Josh Norris wins face-off versus Elias Lindholm in neutral zone.
9:15 of 1st period - Carter Verhaeghe is hit by Elias Lindholm and loses puck.
9:25 of 1st period - Elias Lindholm is hit by Josh Norris and loses puck.
9:34 of 1st period - Shot by Carter Verhaeghe.
9:34 of 1st period - Shot Misses the Net.
9:36 of 1st period - Shot by Brenden Dillon.
9:36 of 1st period - Shot Misses the Net.
9:42 of 1st period - Shot by Sam Reinhart.
9:42 of 1st period - Deflect By Josh Norris.
9:42 of 1st period - Shot Blocked by Marco Scandella.
9:45 of 1st period - Josh Norris is hit by Ben Chiarot and loses puck.
9:56 of 1st period - Shot by Carter Verhaeghe.
9:56 of 1st period - Stopped by Corey Crawford without a rebound.
9:57 of 1st period - Nick Schmaltz wins face-off versus Anze Kopitar in Flames zone.
10:12 of 1st period - Shot by Bryan Little.
10:12 of 1st period - Shot Misses the Net.
10:14 of 1st period - Shot by Bryan Little.
10:14 of 1st period - Stopped by Corey Crawford without a rebound.
10:15 of 1st period - Mikael Backlund wins face-off versus Patrick Marleau in Flames zone.
11:07 of 1st period - Off-side.
11:08 of 1st period - Nico Hischier wins face-off versus Anze Kopitar in neutral zone.
11:13 of 1st period - Shot by Jakub Voracek.
11:13 of 1st period - Shot Misses the Net.
11:19 of 1st period - Nico Hischier is hit by Matthew Tkachuk and loses puck.
11:34 of 1st period - Shot by Anze Kopitar.
11:34 of 1st period - Stopped by Jack Campbell without a rebound.
11:35 of 1st period - Nick Schmaltz wins face-off versus Elias Lindholm in Bruins zone.
11:50 of 1st period - Shot by Bryan Little.
11:50 of 1st period - Stopped by Corey Crawford without a rebound.
11:51 of 1st period - Mikael Backlund wins face-off versus Josh Norris in Flames zone.
11:53 of 1st period - Icing by Christopher Tanev.
11:54 of 1st period - Dominik Kubalik wins face-off versus Mikael Backlund in Flames zone.
11:57 of 1st period - Shot by Jakub Voracek.
11:57 of 1st period - Stopped by Corey Crawford without a rebound.
11:58 of 1st period - Jakub Voracek wins face-off versus Elias Lindholm in Flames zone.
12:21 of 1st period - Shot by Jakub Voracek.
12:21 of 1st period - Shot Misses the Net.
12:23 of 1st period - Shot by Mattias Ekholm.
12:23 of 1st period - Shot Misses the Net.
12:25 of 1st period - Shot by Nico Hischier.
12:25 of 1st period - Shot Misses the Net.
12:27 of 1st period - Shot by Nico Hischier.
12:27 of 1st period - Shot Misses the Net.
12:29 of 1st period - Shot by Jakub Voracek.
12:29 of 1st period - Stopped by Corey Crawford without a rebound.
12:30 of 1st period - Anze Kopitar wins face-off versus Carter Verhaeghe in Flames zone.
12:30 of 1st period - Anze Kopitar is hit by Josh Norris.
12:47 of 1st period - Jake McCabe is hit by Josh Norris and loses puck.
12:54 of 1st period - Shot by Carter Verhaeghe.
12:54 of 1st period - Shot Blocked by Christopher Tanev.
13:46 of 1st period - Icing by Brenden Dillon.
13:47 of 1st period - Mikael Backlund wins face-off versus Nick Schmaltz in Bruins zone.
13:48 of 1st period - Shot by Evander Kane.
13:48 of 1st period - Shot Blocked by Bryan Little.
13:52 of 1st period - Shot by Max Pacioretty.
13:52 of 1st period - Stopped by Jack Campbell without a rebound.
13:53 of 1st period - Mikael Backlund wins face-off versus Nico Hischier in Bruins zone.
14:37 of 1st period - Icing by Olli Maatta.
14:38 of 1st period - Nico Hischier wins face-off versus Elias Lindholm in Bruins zone.
15:06 of 1st period - Shot by Ryan Nugent-Hopkins.
15:06 of 1st period - Stopped by Jack Campbell with a rebound.
15:17 of 1st period - Ryan Nugent-Hopkins is hit by Mario Ferraro.
15:30 of 1st period - Icing by Jakub Voracek.
15:31 of 1st period - Paul Stastny wins face-off versus Nico Hischier in Bruins zone.
15:31 of 1st period - Christopher Tanev is hit by Mario Ferraro and loses puck.
15:40 of 1st period - Shot by Paul Stastny.
15:40 of 1st period - Deflect By Andrew Mangiapane.
15:40 of 1st period - Shot Misses the Net.
16:32 of 1st period - Shot by Bryan Little.
16:32 of 1st period - Shot Misses the Net.
16:42 of 1st period - Shot by Nick Schmaltz.
16:42 of 1st period - Shot Misses the Net.
16:50 of 1st period - Shot by Evander Kane.
16:50 of 1st period - Stopped by Jack Campbell without a rebound.
16:51 of 1st period - Sam Reinhart wins face-off versus Elias Lindholm in Bruins zone.
17:20 of 1st period - Shot by Mark Stone.
17:20 of 1st period - Stopped by Jack Campbell without a rebound.
17:21 of 1st period - Anze Kopitar wins face-off versus Patrick Marleau in Bruins zone.
17:52 of 1st period - Cole Caufield is hit by Rasmus Andersson and loses puck.
18:15 of 1st period - Kirby Dach is hit by Jake McCabe and loses puck.
18:26 of 1st period - Shot by Evander Kane.
18:26 of 1st period - Stopped by Jack Campbell with a rebound.
19:40 of 1st period - Shot by Mark Stone.
19:40 of 1st period - Stopped by Jack Campbell with a rebound.
19:58 of 1st period - Shot by Nico Hischier.
19:58 of 1st period - Stopped by Corey Crawford without a rebound.
19:59 of 1st period - Nico Hischier wins face-off versus Anze Kopitar in Flames zone.
19:59 of 1st period - Nico Hischier is hit by Rasmus Andersson.
Goals for this period are 2 for Flames vs 1 for Bruins.
Shots for this period are 13 for Flames vs 13 for Bruins.

2nd period


0:01 of 2nd period - Nico Hischier wins face-off versus Anze Kopitar in neutral zone.
0:06 of 2nd period - Icing by Jake McCabe.
0:07 of 2nd period - Anze Kopitar wins face-off versus Nico Hischier in Flames zone.
0:18 of 2nd period - Shot by Anze Kopitar.
0:18 of 2nd period - Stopped by Jack Campbell without a rebound.
0:19 of 2nd period - Josh Norris wins face-off versus Mikael Backlund in Bruins zone.
1:41 of 2nd period - Cam Atkinson is hit by Brenden Dillon and loses puck.
1:59 of 2nd period - Anze Kopitar is hit by Brenden Dillon and loses puck.
2:17 of 2nd period - Mark Stone is hit by Brenden Dillon and loses puck.
2:42 of 2nd period - Shot by Mark Stone.
2:42 of 2nd period - Deflect By Elias Lindholm.
2:42 of 2nd period - Goal by Elias Lindholm - Flames : 3 - Bruins : 1.
2:42 of 2nd period - Alexandar Georgiev enters game.
2:43 of 2nd period - Patrick Marleau wins face-off versus Paul Stastny in neutral zone.
3:03 of 2nd period - Icing by Noah Hanifin.
3:04 of 2nd period - Paul Stastny wins face-off versus Nick Schmaltz in Flames zone.
3:28 of 2nd period - Shot by Kirby Dach.
3:28 of 2nd period - Stopped by Corey Crawford with a rebound.
3:30 of 2nd period - Shot by Nick Schmaltz.
3:30 of 2nd period - Stopped by Corey Crawford without a rebound.
3:31 of 2nd period - Max Pacioretty wins face-off versus Patrick Marleau in Flames zone.
3:38 of 2nd period - Icing by Mikael Backlund.
3:39 of 2nd period - Josh Norris wins face-off versus Mikael Backlund in Flames zone.
4:39 of 2nd period - Shot by Mark Stone.
4:39 of 2nd period - Goal by Mark Stone - Flames : 4 - Bruins : 1.
4:40 of 2nd period - Patrick Marleau wins face-off versus Anze Kopitar in neutral zone.
4:44 of 2nd period - Minor Penalty to Rasmus Andersson for Hooking.
4:45 of 2nd period - Kevin Rooney wins face-off versus Nico Hischier in Flames zone.
4:58 of 2nd period - Shot by Nico Hischier.
4:58 of 2nd period - Shot Hit the Post.
5:00 of 2nd period - Shot by Nico Hischier.
5:00 of 2nd period - Shot Misses the Net.
5:57 of 2nd period - Shot by Bryan Little.
5:57 of 2nd period - Deflect By Josh Norris.
5:57 of 2nd period - Goal by Josh Norris - Flames : 4 - Bruins : 2.
5:58 of 2nd period - Anze Kopitar wins face-off versus Patrick Marleau in neutral zone.
6:11 of 2nd period - Shot by Matthew Tkachuk.
6:11 of 2nd period - Shot Blocked by Mario Ferraro.
6:27 of 2nd period - Shot by Anze Kopitar.
6:27 of 2nd period - Shot Blocked by Mario Ferraro.
6:39 of 2nd period - Shot by Cam Atkinson.
6:39 of 2nd period - Stopped by Alexandar Georgiev without a rebound.
6:40 of 2nd period - Nico Hischier wins face-off versus Mikael Backlund in Bruins zone.
6:47 of 2nd period - Icing by Jake McCabe.
6:48 of 2nd period - Nico Hischier wins face-off versus Mikael Backlund in Flames zone.
6:56 of 2nd period - Off-side.
6:57 of 2nd period - Elias Lindholm wins face-off versus Bryan Little in neutral zone.
7:07 of 2nd period - Off-side.
7:08 of 2nd period - Mikael Backlund wins face-off versus Nico Hischier in neutral zone.
7:21 of 2nd period - Shot by Evander Kane.
7:21 of 2nd period - Shot Misses the Net.
7:29 of 2nd period - Shot by Max Pacioretty.
7:29 of 2nd period - Stopped by Alexandar Georgiev without a rebound.
7:30 of 2nd period - Nick Schmaltz wins face-off versus Elias Lindholm in Bruins zone.
7:51 of 2nd period - Shot by Kirby Dach.
7:51 of 2nd period - Shot Blocked by Christopher Tanev.
7:53 of 2nd period - Shot by Nick Schmaltz.
7:53 of 2nd period - Goal by Nick Schmaltz - Flames : 4 - Bruins : 3.
7:54 of 2nd period - Anze Kopitar wins face-off versus Nico Hischier in neutral zone.
7:56 of 2nd period - Cam Atkinson is hit by Brenden Dillon and loses puck.
8:11 of 2nd period - Shot by Brenden Dillon.
8:11 of 2nd period - Shot Misses the Net.
8:13 of 2nd period - Shot by Jakub Voracek.
8:13 of 2nd period - Shot Misses the Net.
8:15 of 2nd period - Shot by Nico Hischier.
8:15 of 2nd period - Shot Blocked by Marco Scandella.
8:24 of 2nd period - Icing by Brenden Dillon.
8:25 of 2nd period - Ryan Nugent-Hopkins wins face-off versus Nico Hischier in Bruins zone.
9:08 of 2nd period - Shot by Elias Lindholm.
9:08 of 2nd period - Shot Blocked by Haydn Fleury.
9:20 of 2nd period - Josh Norris is hit by Jake McCabe and loses puck.
9:23 of 2nd period - Shot by Josh Norris.
9:23 of 2nd period - Goal by Josh Norris - Flames : 4 - Bruins : 4.
9:24 of 2nd period - Mikael Backlund wins face-off versus Nick Schmaltz in neutral zone.
9:39 of 2nd period - Shot by Evander Kane.
9:39 of 2nd period - Deflect By Max Pacioretty.
9:39 of 2nd period - Stopped by Alexandar Georgiev without a rebound.
9:40 of 2nd period - Patrick Marleau wins face-off versus Anze Kopitar in Bruins zone.
9:47 of 2nd period - Shot by Patrick Marleau.
9:47 of 2nd period - Shot Misses the Net.
9:51 of 2nd period - Shot by Matthew Nieto.
9:51 of 2nd period - Shot Blocked by Marco Scandella.
10:37 of 2nd period - Shot by Kirby Dach.
10:37 of 2nd period - Shot Misses the Net.
10:43 of 2nd period - Shot by Bryan Little.
10:43 of 2nd period - Shot Misses the Net.
10:45 of 2nd period - Shot by Mattias Ekholm.
10:45 of 2nd period - Deflect By Bryan Little.
10:45 of 2nd period - Shot Misses the Net.
10:47 of 2nd period - Shot by Mattias Ekholm.
10:47 of 2nd period - Shot Hit the Post.
11:36 of 2nd period - Icing by Jake McCabe.
11:37 of 2nd period - Nico Hischier wins face-off versus Mikael Backlund in Flames zone.
11:44 of 2nd period - Shot by Nico Hischier.
11:44 of 2nd period - Stopped by Corey Crawford without a rebound.
11:45 of 2nd period - Mikael Backlund wins face-off versus Nico Hischier in Flames zone.
11:45 of 2nd period - Mikael Backlund is hit by Jakub Voracek.
11:53 of 2nd period - Shot by Max Pacioretty.
11:53 of 2nd period - Stopped by Alexandar Georgiev with a rebound.
11:57 of 2nd period - Shot by Max Pacioretty.
11:57 of 2nd period - Shot Misses the Net.
12:03 of 2nd period - Shot by Evander Kane.
12:03 of 2nd period - Goal by Evander Kane - Flames : 5 - Bruins : 4.
12:04 of 2nd period - Elias Lindholm wins face-off versus Josh Norris in neutral zone.
12:12 of 2nd period - Sam Reinhart is hit by Jake McCabe and loses puck.
12:32 of 2nd period - Carter Verhaeghe is hit by Jake McCabe and loses puck.
13:01 of 2nd period - Elias Lindholm is hit by Dominik Kubalik and loses puck.
13:07 of 2nd period - Jakub Voracek is hit by Christopher Tanev and loses puck.
13:12 of 2nd period - Shot by Jakub Voracek.
13:12 of 2nd period - Stopped by Corey Crawford without a rebound.
13:13 of 2nd period - Nick Schmaltz wins face-off versus Mikael Backlund in Flames zone.
13:54 of 2nd period - Noah Hanifin is hit by Mario Ferraro and loses puck.
14:31 of 2nd period - Shot by Andrew Mangiapane.
14:31 of 2nd period - Stopped by Alexandar Georgiev without a rebound.
14:32 of 2nd period - Patrick Marleau wins face-off versus Anze Kopitar in Bruins zone.
15:03 of 2nd period - Shot by Matthew Tkachuk.
15:03 of 2nd period - Stopped by Alexandar Georgiev with a rebound.
15:05 of 2nd period - Shot by Christopher Tanev.
15:05 of 2nd period - Shot Blocked by Evan Bouchard.
15:07 of 2nd period - Shot by Matthew Tkachuk.
15:07 of 2nd period - Deflect By Anze Kopitar.
15:07 of 2nd period - Shot Blocked by Haydn Fleury.
15:09 of 2nd period - Shot by Cam Atkinson.
15:09 of 2nd period - Shot Blocked by Cole Caufield.
15:11 of 2nd period - Shot by Cam Atkinson.
15:11 of 2nd period - Deflect By Anze Kopitar.
15:11 of 2nd period - Shot Misses the Net.
15:29 of 2nd period - Shot by Ryan Nugent-Hopkins.
15:29 of 2nd period - Shot Misses the Net.
15:31 of 2nd period - Shot by Elias Lindholm.
15:31 of 2nd period - Deflect By Mark Stone.
15:31 of 2nd period - Shot Hit the Post.
15:39 of 2nd period - Shot by Elias Lindholm.
15:39 of 2nd period - Stopped by Alexandar Georgiev without a rebound.
15:40 of 2nd period - Nico Hischier wins face-off versus Mikael Backlund in Bruins zone.
15:59 of 2nd period - Shot by Evander Kane.
15:59 of 2nd period - Shot Misses the Net.
16:02 of 2nd period - Icing by Mattias Ekholm.
16:03 of 2nd period - Nico Hischier wins face-off versus Elias Lindholm in Bruins zone.
16:10 of 2nd period - Shot by Dominik Kubalik.
16:10 of 2nd period - Deflect By Jakub Voracek.
16:10 of 2nd period - Shot Misses the Net.
16:12 of 2nd period - Shot by Brenden Dillon.
16:12 of 2nd period - Stopped by Corey Crawford without a rebound.
16:13 of 2nd period - Josh Norris wins face-off versus Mikael Backlund in Flames zone.
16:34 of 2nd period - Shot by Evander Kane.
16:34 of 2nd period - Stopped by Alexandar Georgiev with a rebound.
16:36 of 2nd period - Shot by Max Pacioretty.
16:36 of 2nd period - Shot Misses the Net.
17:49 of 2nd period - Shot by Jakub Voracek.
17:49 of 2nd period - Stopped by Corey Crawford with a rebound.
17:51 of 2nd period - Shot by Dominik Kubalik.
17:51 of 2nd period - Stopped by Corey Crawford with a rebound.
17:59 of 2nd period - Shot by Nico Hischier.
17:59 of 2nd period - Goal by Nico Hischier - Flames : 5 - Bruins : 5.
18:00 of 2nd period - Anze Kopitar wins face-off versus Nick Schmaltz in neutral zone.
18:03 of 2nd period - Shot by Marco Scandella.
18:03 of 2nd period - Stopped by Alexandar Georgiev without a rebound.
18:04 of 2nd period - Mikael Backlund wins face-off versus Nick Schmaltz in Bruins zone.
18:30 of 2nd period - Icing by Evander Kane.
18:31 of 2nd period - Mikael Backlund wins face-off versus Josh Norris in Flames zone.
18:36 of 2nd period - Shot by Evander Kane.
18:36 of 2nd period - Stopped by Alexandar Georgiev without a rebound.
18:37 of 2nd period - Nico Hischier wins face-off versus Anze Kopitar in Bruins zone.
Goals for this period are 3 for Flames vs 4 for Bruins.
Shots for this period are 14 for Flames vs 11 for Bruins.

3rd period


0:01 of 3rd period - Mikael Backlund wins face-off versus Patrick Marleau in neutral zone.
0:06 of 3rd period - Shot by Max Pacioretty.
0:06 of 3rd period - Shot Blocked by Mattias Ekholm.
0:19 of 3rd period - Minor Penalty to Evander Kane for Holding Stick.
0:20 of 3rd period - Nico Hischier wins face-off versus Kevin Rooney in Flames zone.
0:20 of 3rd period - Dominik Kubalik is hit by Jake McCabe and loses puck.
0:58 of 3rd period - Off-side.
0:59 of 3rd period - Kevin Rooney wins face-off versus Bryan Little in neutral zone.
1:02 of 3rd period - Josh Norris is hit by Kevin Rooney and loses puck.
1:31 of 3rd period - Shot by Josh Norris.
1:31 of 3rd period - Goal by Josh Norris - Flames : 5 - Bruins : 6.
1:32 of 3rd period - Dominik Kubalik wins face-off versus Mikael Backlund in neutral zone.
1:41 of 3rd period - Shot by Dominik Kubalik.
1:41 of 3rd period - Stopped by Corey Crawford without a rebound.
1:42 of 3rd period - Patrick Marleau wins face-off versus Cam Atkinson in Flames zone.
2:02 of 3rd period - Shot by Matthew Tkachuk.
2:02 of 3rd period - Stopped by Alexandar Georgiev without a rebound.
2:03 of 3rd period - Nick Schmaltz wins face-off versus Mikael Backlund in Bruins zone.
2:29 of 3rd period - Icing by Evan Bouchard.
2:30 of 3rd period - Elias Lindholm wins face-off versus Nick Schmaltz in Bruins zone.
3:25 of 3rd period - Shot by Nico Hischier.
3:25 of 3rd period - Stopped by Corey Crawford without a rebound.
3:26 of 3rd period - Mikael Backlund wins face-off versus Josh Norris in Flames zone.
3:41 of 3rd period - Shot by Evander Kane.
3:41 of 3rd period - Deflect By Max Pacioretty.
3:41 of 3rd period - Stopped by Alexandar Georgiev without a rebound.
3:42 of 3rd period - Patrick Marleau wins face-off versus Paul Stastny in Bruins zone.
3:47 of 3rd period - Shot by Mattias Ekholm.
3:47 of 3rd period - Stopped by Corey Crawford without a rebound.
3:48 of 3rd period - Nico Hischier wins face-off versus Mikael Backlund in Flames zone.
4:56 of 3rd period - Shot by Ryan Nugent-Hopkins.
4:56 of 3rd period - Stopped by Alexandar Georgiev without a rebound.
4:57 of 3rd period - Paul Stastny wins face-off versus Nick Schmaltz in Bruins zone.
5:04 of 3rd period - Shot by Ben Chiarot.
5:04 of 3rd period - Stopped by Alexandar Georgiev without a rebound.
5:05 of 3rd period - Elias Lindholm wins face-off versus Josh Norris in Bruins zone.
5:30 of 3rd period - Shot by Carter Verhaeghe.
5:30 of 3rd period - Shot Misses the Net.
5:32 of 3rd period - Shot by Olli Maatta.
5:32 of 3rd period - Stopped by Corey Crawford without a rebound.
5:33 of 3rd period - Anze Kopitar wins face-off versus Patrick Marleau in Flames zone.
5:38 of 3rd period - Shot by Anze Kopitar.
5:38 of 3rd period - Deflect By Matthew Tkachuk.
5:38 of 3rd period - Stopped by Alexandar Georgiev without a rebound.
5:39 of 3rd period - Anze Kopitar wins face-off versus Nick Schmaltz in Bruins zone.
5:43 of 3rd period - Minor Penalty to Brenden Dillon for Hooking.
5:44 of 3rd period - Nico Hischier wins face-off versus Anze Kopitar in Bruins zone.
6:01 of 3rd period - Shot by Matthew Tkachuk.
6:01 of 3rd period - Stopped by Alexandar Georgiev without a rebound.
6:02 of 3rd period - Mikael Backlund wins face-off versus Nico Hischier in Bruins zone.
6:15 of 3rd period - Shot by Mikael Backlund.
6:15 of 3rd period - Shot Misses the Net.
6:17 of 3rd period - Shot by Mikael Backlund.
6:17 of 3rd period - Shot Hit the Post.
6:19 of 3rd period - Shot by Jake McCabe.
6:19 of 3rd period - Shot Misses the Net.
6:21 of 3rd period - Shot by Jake McCabe.
6:21 of 3rd period - Shot Blocked by Olli Maatta.
7:52 of 3rd period - Shot by Elias Lindholm.
7:52 of 3rd period - Stopped by Alexandar Georgiev without a rebound.
7:53 of 3rd period - Josh Norris wins face-off versus Elias Lindholm in Bruins zone.
8:21 of 3rd period - Icing by Jake McCabe.
8:22 of 3rd period - Elias Lindholm wins face-off versus Nico Hischier in Flames zone.
8:37 of 3rd period - Shot by Mark Stone.
8:37 of 3rd period - Deflect By Ryan Nugent-Hopkins.
8:37 of 3rd period - Shot Misses the Net.
9:01 of 3rd period - Shot by Nico Hischier.
9:01 of 3rd period - Stopped by Corey Crawford with a rebound.
10:30 of 3rd period - Matthew Tkachuk is hit by Matthew Nieto and loses puck.
10:43 of 3rd period - Shot by Cole Caufield.
10:43 of 3rd period - Shot Misses the Net.
10:45 of 3rd period - Shot by Patrick Marleau.
10:45 of 3rd period - Shot Blocked by Rasmus Andersson.
10:47 of 3rd period - Shot by Matthew Nieto.
10:47 of 3rd period - Stopped by Corey Crawford without a rebound.
10:48 of 3rd period - Nico Hischier wins face-off versus Paul Stastny in Flames zone.
11:01 of 3rd period - Shot by Jakub Voracek.
11:01 of 3rd period - Shot Misses the Net.
11:40 of 3rd period - Icing by Jakub Voracek.
11:41 of 3rd period - Mikael Backlund wins face-off versus Nico Hischier in Bruins zone.
11:44 of 3rd period - Shot by Max Pacioretty.
11:44 of 3rd period - Shot Misses the Net.
11:47 of 3rd period - Icing by Mattias Ekholm.
11:48 of 3rd period - Nico Hischier wins face-off versus Anze Kopitar in Bruins zone.
11:48 of 3rd period - Nico Hischier is hit by Matthew Tkachuk.
12:53 of 3rd period - Minor Penalty to Jake McCabe for Holding.
12:54 of 3rd period - Josh Norris wins face-off versus Kevin Rooney in Flames zone.
13:17 of 3rd period - Shot by Bryan Little.
13:17 of 3rd period - Shot Misses the Net.
13:19 of 3rd period - Shot by Josh Norris.
13:19 of 3rd period - Shot Misses the Net.
13:21 of 3rd period - Shot by Josh Norris.
13:21 of 3rd period - Shot Blocked by Christopher Tanev.
13:23 of 3rd period - Shot by Bryan Little.
13:23 of 3rd period - Shot Misses the Net.
13:35 of 3rd period - Shot by Bryan Little.
13:35 of 3rd period - Deflect By Josh Norris.
13:35 of 3rd period - Shot Misses the Net.
14:31 of 3rd period - Shot by Bryan Little.
14:31 of 3rd period - Shot Misses the Net.
14:39 of 3rd period - Shot by Cole Caufield.
14:39 of 3rd period - Stopped by Corey Crawford with a rebound.
14:57 of 3rd period - Shot by Dominik Kubalik.
14:57 of 3rd period - Shot Misses the Net.
15:15 of 3rd period - Shot by Jakub Voracek.
15:15 of 3rd period - Shot Misses the Net.
15:17 of 3rd period - Shot by Nico Hischier.
15:17 of 3rd period - Stopped by Corey Crawford with a rebound.
15:19 of 3rd period - Shot by Mario Ferraro.
15:19 of 3rd period - Shot Misses the Net.
15:39 of 3rd period - Cam Atkinson is hit by Sam Reinhart and loses puck.
15:50 of 3rd period - Mattias Ekholm is hit by Matthew Tkachuk and loses puck.
16:36 of 3rd period - Shot by Paul Stastny.
16:36 of 3rd period - Stopped by Alexandar Georgiev without a rebound.
16:37 of 3rd period - Josh Norris wins face-off versus Elias Lindholm in Bruins zone.
17:10 of 3rd period - Shot by Elias Lindholm.
17:10 of 3rd period - Stopped by Alexandar Georgiev without a rebound.
17:11 of 3rd period - Nico Hischier wins face-off versus Mikael Backlund in Bruins zone.
17:32 of 3rd period - Shot by Max Pacioretty.
17:32 of 3rd period - Stopped by Alexandar Georgiev without a rebound.
17:33 of 3rd period - Anze Kopitar wins face-off versus Nick Schmaltz in Bruins zone.
17:55 of 3rd period - Icing by Ben Chiarot.
17:56 of 3rd period - Patrick Marleau wins face-off versus Anze Kopitar in Flames zone.
18:31 of 3rd period - Minor Penalty to Patrick Marleau for Holding.
18:32 of 3rd period - Mikael Backlund wins face-off versus Nico Hischier in Bruins zone.
18:41 of 3rd period - Shot by Rasmus Andersson.
18:41 of 3rd period - Stopped by Alexandar Georgiev without a rebound.
18:42 of 3rd period - Max Pacioretty wins face-off versus Nico Hischier in Bruins zone.
18:46 of 3rd period - Shot by Noah Hanifin.
18:46 of 3rd period - Stopped by Alexandar Georgiev without a rebound.
18:47 of 3rd period - Mikael Backlund wins face-off versus Nico Hischier in Bruins zone.
19:00 of 3rd period - Flames, Corey Crawford is pulled from the net.
19:02 of 3rd period - Shot by Mark Stone.
19:02 of 3rd period - Deflect By Max Pacioretty.
19:02 of 3rd period - Stopped by Alexandar Georgiev without a rebound.
19:03 of 3rd period - Nico Hischier wins face-off versus Matthew Tkachuk in Bruins zone.
19:39 of 3rd period - Shot by Bryan Little.
19:39 of 3rd period - Goal by Bryan Little - Flames : 5 - Bruins : 7.
19:39 of 3rd period - Corey Crawford from Flames was sent back in the game.
19:40 of 3rd period - Mikael Backlund wins face-off versus Nico Hischier in neutral zone.
19:56 of 3rd period - Shot by Rasmus Andersson.
19:56 of 3rd period - Stopped by Alexandar Georgiev without a rebound.
19:57 of 3rd period - Mikael Backlund wins face-off versus Nico Hischier in Bruins zone.
Goals for this period are 0 for Flames vs 2 for Bruins.
Shots for this period are 14 for Flames vs 10 for Bruins.